 Dungeon Crawl Stone Soup version 0.24.0-13-gcf9b319 (webtiles) character file.

Game seed: 10539381981801021711, levelgen mode: deterministic

394 Bronimir the Sneak (level 6, 0/33 HPs)
             Began as a Vampire Enchanter on Mar 14, 2020.
             Slain by an ogre
             ... wielding a +0 giant club
              (17 damage)
             ... on level 4 of the Dungeon.
             The game lasted 00:09:52 (3465 turns).

Bronimir the Sneak (Vampire Enchanter)              Turns: 3465, Time: 00:09:53

Health: 0/33       AC:  6    Str:  7 (8)  XL:     6   Next: 52%
Magic:  8/10       EV: 12    Int: 15 (18) God:
Gold:   177        SH:  0    Dex: 13 (15) Spells: 5/11 levels left

rFire    . . .     SeeInvis +   a - +0 dagger of the Assorted Wishes {pierce, +Fly SInv} (curse)
rCold    + + .     Gourm    .   (no shield)
rNeg     + + +     Faith    .   s - +3 leather armour {rPois}
rPois    ∞         Spirit   .   (no helmet)
rElec    .         Reflect  .   (no cloak)
rCorr    .         Harm     .   (no gloves)
MR       .....                  (no boots)
Stlth    +++++.....             (no amulet)
HPRegen  0.00/turn              v - ring of wizardry
MPRegen  0.12/turn              (no ring)

@: bloodless, regenerating quickly
A: no food, fangs 3, see invisible, unbreathing
a: Bat Form, Revivify, Evoke Flight


You were on level 4 of the Dungeon.
You were bloodless.

You visited 1 branch of the dungeon, and saw 4 of its levels.

You collected 177 gold pieces.

Inventory:

Hand Weapons
 a - the cursed +0 dagger of the Assorted Wishes (weapon) {pierce, +Fly SInv}
   (You found it on level 4 of the Dungeon)

   It inflicts extra damage upon your enemies.
   It lets you see invisible.
   It lets you fly.
   It has a curse placed upon it.
 j - a +1 dagger
 o - a +0 spear
 r - a +0 whip
Missiles
 e - 21 arrows
 h - 73 stones (quivered)
 n - 4 boomerangs
 p - 14 bolts
Armour
 s - a +3 leather armour of poison resistance (worn)
Jewellery
 u - an uncursed amulet of harm
 v - a ring of wizardry (left hand)
Wands
 q - a wand of polymorph (5)
Scrolls
 c - 2 scrolls of amnesia {unknown}
 g - 5 scrolls of identify
 i - a scroll of teleportation
 m - a scroll of magic mapping {unknown}
Potions
 f - 2 potions of curing
 k - a potion of brilliance {unknown}


   Skills:
 + Level 0.4 Fighting
 * Level 3.3 Short Blades
 + Level 1.2 Armour
 + Level 2.6 Dodging
 * Level 7.5 Stealth
 + Level 3.0 Spellcasting
 * Level 5.7 Hexes
 - Level 1.0 Ice Magic


You had 5 spell levels left.
You knew the following spells:

 Your Spells              Type           Power        Failure   Level  Hunger
a - Corona                Hex            ###....      1%          1    N/A
b - Ensorcelled Hibernat  Hex/Ice        ##....       4%          2    N/A
c - Confuse               Hex            ###.....     3%          3    N/A

Your spell library contained the following spells:

 Spells                   Type           Power        Failure   Level  Hunger
 Tukima's Dance           Hex            ###.....     3%          3    N/A
 Dazzling Spray           Conj/Hex       ##....       11%         3    N/A

Dungeon Overview and Level Annotations

Branches:
Dungeon (4/15)
 Temple: D:4-7

Altars:
Trog


Innate Abilities, Weirdness & Mutations

You do not eat.
You do not regenerate when monsters are visible.
You are frail without blood (-20% HP).
You can heal yourself when you bite living creatures.
You are immune to poison.
You have razor-sharp teeth.
You have supernaturally acute eyesight. (SInv)
You can survive without breathing.


Message History

The hound skeleton bites you but does no damage.
You completely miss the ogre.
The hound skeleton bites you but does no damage.
You hit the ogre.
The ogre is lightly wounded.
The hound skeleton bites you but does no damage.
The ogre closely misses you.
You hit the ogre.
The ogre is moderately wounded.
The hound skeleton misses you.
You hit the ogre.
The ogre is heavily wounded.
The hound skeleton barely misses you. The ogre misses you.
You hit the ogre. You bite the ogre, but do no damage.
The ogre is heavily wounded.
The hound skeleton bites you but does no damage.
The ogre hits you with a +0 giant club!
Ouch! That really hurt!
You die...

#.#######.##.#..######
#................#
#########.#..#.###
..######..#..#.#
.........##..#.#
.####....<....#
#.#....#.%#
#########O#.##.#..#
.......Z@...##.#..#
######.########..#
#..........>#
#############


You could see an ogre (confused) and a hound skeleton.

Vanquished Creatures
  Grinder (D:3)
  A scorpion (D:3)
  Ijyb (D:4)
  6 adders
  An ooze (D:2)
  3 worms
  2 dart slugs (D:3)
  4 leopard geckos
  An orc (D:4)
  7 bats
  4 giant cockroaches
  8 goblins
  6 hobgoblins
  3 jackals (D:2)
  A quokka (D:3)
  4 frilled lizards
  7 kobolds
  A quokka skeleton (D:4)
  6 rats
67 creatures vanquished.

Vanquished Creatures (others)
  A wizard (D:3)
1 creature vanquished.

Grand Total: 68 creatures vanquished

Notes
Turn   | Place    | Note
-------+----------+-------------------------------------------
     0 | D:1      | Bronimir the Vampire Enchanter began the quest for the Orb.
     0 | D:1      | Reached XP level 1. HP: 13/13 MP: 3/3
   292 | D:1      | Reached XP level 2. HP: 15/15 MP: 5/5
   305 | D:1      | Learned a level 2 spell: Ensorcelled Hibernation
   839 | D:2      | Reached skill level 5 in Stealth
   839 | D:2      | Reached XP level 3. HP: 19/19 MP: 6/6
  1777 | D:2      | Reached XP level 4. HP: 24/24 MP: 7/7
  1831 | D:2      | Reached skill level 6 in Stealth
  1873 | D:2      | Learned a level 3 spell: Confuse
  2113 | D:3      | Noticed Grinder
  2122 | D:3      | Killed Grinder
  2122 | D:3      | Reached skill level 1 in Armour
  2122 | D:3      | Reached skill level 7 in Stealth
  2122 | D:3      | Reached skill level 5 in Hexes
  2122 | D:3      | Reached XP level 5. HP: 7/28 MP: 1/9
  2255 | D:3      | Reached skill level 1 in Ice Magic
  2387 | D:3      | Reached XP level 6. HP: 33/33 MP: 10/10
  2812 | D:3      | Found a bloodstained altar of Trog.
  2813 | D:3      | Noticed a wizard
  2818 | D:3      | Killed a wizard
  3137 | D:4      | Got a warped dagger
  3138 | D:4      | Identified the cursed +0 dagger of the Assorted Wishes
                  | {pierce, +Fly SInv} (You found it on level 4 of the
                  | Dungeon)
  3387 | D:4      | Noticed Ijyb
  3392 | D:4      | Killed Ijyb
  3465 | D:4      | Slain by an ogre

Levels and vault maps discovered:
D:1:      onia_arrival_mini_maze_b, layout_rooms, serial_park_tiny_pond,
          minivault_19, roderic_serpentine_path
D:2:      layout_basic
D:3:      layout_basic, trog_wizard, uniq_grinder
D:4:      layout_basic, uniq_ijyb

Skill      XL: |  1  2  3  4  5  6 |
---------------+-------------------+-----
Stealth        | 5 7 |  7.5
Short Blades   | 2 3 |  3.3
Armour         | 1 |  1.2
Hexes          | 5 |  5.7
Ice Magic      | 1 |  1.0
Spellcasting   | 3 |  3.0
Fighting       | |  0.4
Dodging        | |  2.6

Action                   |  1- 3 |  4- 6 || total
-------------------------+-------+-------++-------
Melee: Dagger            |    99 |    82 ||   181
       Bite              |     1 |     3 ||     4
Throw: Stone             |       |     2 ||     2
 Cast: Corona            |     6 |       ||     6
       Ensorcelled Hiber |    13 |     6 ||    19
       Confuse           |       |    10 ||    10
 Abil: Exsanguinate      |     1 |       ||     1
  Use: Potion            |       |     6 ||     6
       Scroll            |       |     3 ||     3
 Stab: Sleeping          |    23 |    20 ||    43
       Confused          |       |     4 ||     4
Armor: Robe              |     7 |       ||     7
       Leather armour    |    16 |    10 ||    26
Dodge: Dodged            |    67 |    30 ||    97
